 Dungeon Crawl Stone Soup version 0.24-a0-249-g2af7e837d0 (webtiles) character file.

Game seed: 10115342589462607740

81 Redear the Skirmisher (level 4, 0/35 HPs)
             Began as a Demonspawn Fighter on Apr 13, 2019.
             Slain by a worm (11 damage)
             ... on level 2 of the Dungeon.
             The game lasted 00:03:42 (1281 turns).

Redear the Skirmisher (Demonspawn Fighter)          Turns: 1281, Time: 00:03:43

Health: 0/35       AC:  8    Str: 17    XL:     4   Next: 19%
Magic:  4/4        EV: 12    Int:  9    God:
Gold:   102        SH:  0    Dex: 14    Spells: 3/3 levels left

rFire    . . .     SeeInvis .   a - +0 long sword
rCold    . . .     Gourm    .   (no shield)
rNeg     . . .     Faith    .   m - +0 robe (curse)
rPois    .         Spirit   .   (no helmet)
rElec    .         Reflect  .   (no cloak)
rCorr    .         Harm     .   (no gloves)
MR       .....                  (no boots)
Stlth    +.........             (no amulet)
HPRegen  0.11/turn              n - -2 ring of strength (curse)
MPRegen  0.09/turn              l - +3 ring of strength

@: sanguine armour
A: powered by pain 1, sanguine armour 1
a: no special abilities


You were on level 2 of the Dungeon.
You were hungry.

You visited 1 branch of the dungeon, and saw 2 of its levels.

You collected 102 gold pieces.

Inventory:

Hand Weapons
 a - a +0 long sword (weapon)
Armour
 b - a +0 scale mail
 c - a +0 shield
 m - a cursed +0 robe (worn)
Jewellery
 e - an uncursed ring of fire {rF+ rC-}
 l - a +3 ring of strength (right hand)
 n - a cursed -2 ring of strength (left hand)
Scrolls
 f - a scroll of teleportation {unknown}
 h - a scroll of fog {unknown}
 M - a scroll of magic mapping
Potions
 d - a potion of might {Str+5 DMG+1d10 | @q3}
 g - 2 potions of haste {unknown}
 i - a potion of resistance {unknown}
 j - a potion of cancellation {unknown}
 k - a potion of agility {unknown}
Comestibles
 z - 3 rations


   Skills:
 + Level 3.5 Fighting
 + Level 2.5 Long Blades
 - Level 2.6 Armour
 + Level 1.5 Dodging
 + Level 3.3 Shields


You had 3 spell levels left.
You didn't know any spells.
Your spell library was empty.

Dungeon Overview and Level Annotations

Branches:
Dungeon (2/15)

Altars:


Innate Abilities, Weirdness & Mutations

You sometimes gain a little power by taking damage.
When seriously injured, your bleeding wounds create armour. (AC +6)


Message History

The worm closely misses you.
Unknown command.
Unknown command.
Unknown command.
Unknown command.
Unknown command.
You barely miss the frilled lizard.
The frilled lizard bites you but does no damage.
You slash the frilled lizard!
You kill the frilled lizard!
You hit the worm but do no damage.
The worm is lightly wounded.
The worm bites you.
You take 3 damage, and have 11/35 hp.
You hit the worm.
The worm is lightly wounded.
You hit the worm.
The worm is heavily wounded.
The worm bites you!
You die...

#.##....###...#########
#.###.#.####.#........<
#.###.#........########
#.....######.###
####### #.#
##########.#
#.......##.#
##.#####.##.#
######...w@...##.#
#........####.#..#
#.####...........#
##....###.#..#######
#..w......#.<.......
#..#.####..<...####
#..#.# #.#...## #..#.#
#.##.##
#.............##.#


You could see a worm.

Vanquished Creatures
  4 adders (D:2)
  2 oozes
  A dart slug (D:2)
  2 leopard geckos
  A giant cockroach (D:1)
  2 goblins
  6 hobgoblins
  5 bats
  8 frilled lizards
  A kobold (D:1)
  4 rats
36 creatures vanquished.

Notes
Turn   | Place    | Note
-------+----------+-------------------------------------------
     0 | D:1      | Redear the Demonspawn Fighter began the quest for the Orb.
     0 | D:1      | Reached XP level 1. HP: 18/18 MP: 1/1
   266 | D:1      | Reached skill level 2 in Long Blades
   266 | D:1      | Gained mutation: When seriously injured, your bleeding
                  | wounds create armour. (AC +6) [demonic ancestry]
   266 | D:1      | Reached XP level 2. HP: 24/24 MP: 2/2
   791 | D:2      | Reached skill level 1 in Dodging
   791 | D:2      | Reached skill level 3 in Shields
   791 | D:2      | Reached XP level 3. HP: 22/29 MP: 3/3
  1164 | D:2      | Gained mutation: You sometimes gain a little power by
                  | taking damage. [demonic ancestry]
  1164 | D:2      | Reached XP level 4. HP: 25/35 MP: 4/4
  1281 | D:2      | Slain by a worm

Levels and vault maps discovered:
D:1:      sevenhm_arrival_forest_fort_small_4, layout_basic
D:2:      layout_loops_corners, minmay_bisected

Skill      XL: |  1  2 |
---------------+-------+-----
Long Blades    | 2 |  2.5
Dodging        | 1 |  1.5
Shields        | 3 |  3.3
Fighting       | |  3.5
Armour         | |  2.6

Action                   |  1- 3 |  4- 6 || total
-------------------------+-------+-------++-------
Melee: Long sword        |   114 |    22 ||   136
  Use: Scroll            |     1 |       ||     1
  Eat: Chunk             |     1 |       ||     1
Armor: Scale mail        |    69 |       ||    69
       Robe              |       |     4 ||     4
Dodge: Dodged            |    77 |    16 ||    93
       Rpst.: Long sword |    25 |     8 ||    33

Table legend:
 A = Non-vault XP
 B = Vault XP
 C = Vault XP percentage of total XP
 D = Non-vault monster count
 E = Vault monster count
 F = Vault count percentage of total count
                 A         B        C        D         E       F
            +---------+---------+-------+---------+---------+-------
      Total |     104 |      12 |  10.3 |      32 |       4 |  11.1
            +---------+---------+-------+---------+---------+-------
        D:1 |      31 |       0 |   0.0 |      15 |       0 |   0.0
        D:2 |      73 |      12 |  14.1 |      17 |       4 |  19.0
            +---------+---------+-------+---------+---------+-------
